Cogmind - Beta 15 @@@ ROGUE MODE // 2025.06.05 @ 20:41:18 // Winter2019/RPGLIKE Player: Jack Result: Self-destructed Performance ------------- Evolutions (3) 1500 Regions Visited (4) 800 Robots Destroyed (47) 235 Value Destroyed (1590) 1590 Prototype IDs (1) 20 Alien Tech Used (0) 0 Bonus (0) 0 TOTAL SCORE: 4145 Bonus ------- None Cogmind --------- Core Integrity 516/600 Matter 300/300 Energy 124/125 System Corruption 2% Temperature Hot (245) Movement Flying (32) Location -7/Factory Parts ------- > --- POWER (1) -------- Light Ion Engine > --- PROPULSION (2) --- VTOL Module VTOL Module > --- UTILITY (1) ------ Kinecellerator > --- WEAPON (5) ------- Heavy Assault Rifle Autogun Autogun Improved Assault Rifle Improved Assault Rifle > --- INVENTORY (0) ---- (None) Peak State ------------ > --- POWER ------------ Micro Nuclear Core > --- PROPULSION ------- Flight Unit VTOL Module > --- UTILITY ---------- Kinecellerator > --- WEAPON ----------- Heavy Assault Rifle Autogun Autogun Improved Assault Rifle Improved Assault Rifle > --- INVENTORY -------- (None) [Rating: 23] Favorites ----------- Power Light Ion Engine Engine Light Ion Engine Power Core Light Nuclear Core Propulsion Flight Unit Flight Unit Flight Unit Utility Kinecellerator Device Kinecellerator Weapon Improved Assault Rifle Energy Gun Medium Laser Ballistic Gun Improved Assault Rifle Build | -11 -10 -9 -8 -7 ------- Run | Yrd Mat Mat Mat Fac Slots Evolved 5 | 4 . 1 . . Power . | . . . . . Propulsion 1 | 1 . . . . Utility . | . . . . . Weapon 4 | 3 . 1 . . Parts Attached 26 | 3 7 7 5 4 Power 5 | . 1 . 3 1 Engine 3 | . 1 . 2 . Core 2 | . . . 1 1 Reactor . | . . . . . Propulsion 5 | . 2 1 . 2 Treads . | . . . . . Leg . | . . . . . Wheel . | . . . . . Hover . | . . . . . Flight 5 | . 2 1 . 2 Utility 2 | . . . 1 1 Device 2 | . . . 1 1 Storage . | . . . . . Processor . | . . . . . Hackware . | . . . . . Protection . | . . . . . Artifact . | . . . . . Weapon 14 | 3 4 6 1 . Energy Gun 3 | 2 1 . . . Energy Cannon . | . . . . . Ballistic Gun 11 | 1 3 6 1 . Ballistic Cannon . | . . . . . Launcher . | . . . . . Special Weapon . | . . . . . Impact Weapon . | . . . . . Slashing Weapon . | . . . . . Piercing Weapon . | . . . . . Special Melee Weapon . | . . . . . Unidentified Prototypes 1 | . . 1 . . Parts Lost . | . . . . . Power . | . . . . . Propulsion . | . . . . . Utility . | . . . . . Weapon . | . . . . . Highest Loss Streak . | . . . . . To Critical Strikes . | . . . . . Average Backups . | . . . . . Power . | . . . . . Propulsion . | . . . . . Utility . | . . . . . Weapon . | . . . . . Tool/Special . | . . . . . Unused Backups . | . . . . . Power . | . . . . . Propulsion . | . . . . . Utility . | . . . . . Weapon . | . . . . . Tool/Special . | . . . . . Average Slot Usage (%) 84 | . 53 87 88 99 Engine 9 | . 3 11 10 10 Flight 19 | . 8 22 22 22 Device 3 | . . . . 10 Energy Gun 3 | . 17 . . . Ballistic Gun 48 | . 24 53 55 55 Peak Build Rating 23 | 3 7 15 17 23 Average Rating 12 | . 4 11 15 19 On Entrance 8 | . 3 7 15 15 Naked Turns . | . . . . . Heaviest Build 22 | 5 8 18 20 22 Greatest Support 23 | 8 13 18 18 23 Greatest Overweight (x) 1 | . . . 1 . Average Overweight (x) . | . . . . . Largest Inventory Capacity . | . . . . . Average Capacity . | . . . . . Most Carried . | . . . . . Average Carried . | . . . . . Final Capacity . | . . . . . Final Carried . | . . . . . Class Distribution -------------------- 33% | Gunner 31% | Hacker-Gunner 21% | Scavenger-Gunner 12% | Hacker-Sprinter Dominant Class ---------------- Gunner | -10/Materials Scavenger-Gunner | -9/Materials Hacker-Gunner | -8/Materials Hacker-Gunner | -7/Factory Resources | -11 -10 -9 -8 -7 ----------- Run | Yrd Mat Mat Mat Fac Matter Collected 1701 | 230 96 326 373 676 Remotely . | . . . . . Salvage Created 2051 | . 118 735 370 828 Parts 122 | . 15 37 17 53 Haulers Intercepted . | . . . . . Recyclers Shooed 1 | . 1 . . . Parts Field Recycled . | . . . . . Retrieved Matter . | . . . . . Parts Self-Destructed . | . . . . . Prevented . | . . . . . Kills | -11 -10 -9 -8 -7 ------- Run | Yrd Mat Mat Mat Fac Combat Hostiles Destroyed 36 | . 5 10 6 15 Guns 36 | . 5 10 6 15 Classes Destroyed 12 | . 3 5 2 2 Worker 3 | . 1 . 1 1 Builder 1 | . . . 1 . Tunneler 1 | . . 1 . . Recycler 2 | . . . . 2 Operator 2 | . . 1 . 1 Watcher 2 | . . 1 . 1 Swarmer 7 | . 3 . . 4 Grunt 14 | . 2 4 3 5 Brawler 1 | . . 1 . . Sentry 10 | . . 5 2 3 Hunter 2 | . . . 1 1 Programmer 2 | . . . . 2 Best Kill Streak 9 | . 3 4 5 9 Combat Bots Only 5 | . 3 4 3 5 Max Kills in Single Turn 2 | . 2 2 1 2 Gunslinging . | . . . . . Exploded . | . . . . . Melee . | . . . . . Uniques/NPCs Destroyed . | . . . . . Combat | -11 -10 -9 -8 -7 -------- Run | Yrd Mat Mat Mat Fac Hostile Shots Fired 173 | . 22 46 28 77 Missed 71 | . 8 17 9 37 Hits 102 | . 14 29 19 40 Projectile 102 | . 14 29 19 40 Critical Strikes 4 | . 1 2 1 . Damage Taken 1407 | . 186 399 310 512 Core 1126 | . 148 332 247 399 Absorbed by Shields . | . . . . . Redirected to Core 960 | . 123 236 231 370 Core Remaining (%) 75 | 100 95 63 44 . Volleys Fired 101 | . 17 28 19 37 Largest 5 | . 4 5 5 5 Hottest 185 | . 185 115 115 115 Shots Fired 463 | . 52 132 95 184 Gun 463 | . 52 132 95 184 Cannon . | . . . . . Launcher . | . . . . . Special . | . . . . . Kinetic 435 | . 24 132 95 184 Thermal 28 | . 28 . . . Explosive . | . . . . . Electromagnetic . | . . . . . Robot Hit Streak 20 | . 8 20 11 8 Robot Miss Streak 9 | . 5 4 3 9 Penetration Max . | . . . . . Secondary Targets 8 | . 1 4 . 3 Max Gunslinging Chain 1 | . 1 1 . 1 Shots Hit Robots 224 | . 19 81 46 78 Core Hits 92 | . 12 25 18 37 Critical Kills 2 | . . 1 1 . Critical Parts Destroyed 1 | . . 1 . . Critical Strikes 3 | . . 2 1 . Destroy 3 | . . 2 1 . Melee Attacks . | . . . . . Impact . | . . . . . Slashing . | . . . . . Piercing . | . . . . . Sneak Attacks . | . . . . . Combat Hostiles . | . . . . . Follow-up Attacks . | . . . . . Damage Inflicted 3365 | . 246 1014 678 1427 Guns 3361 | . 242 1014 678 1427 Cannons . | . . . . . Explosions . | . . . . . Melee . | . . . . . Ramming 4 | . 4 . . . Kinetic 3187 | . 68 1014 678 1427 Thermal 174 | . 174 . . . Explosive . | . . . . . Electromagnetic . | . . . . . Impact . | . . . . . Slashing . | . . . . . Piercing . | . . . . . Highest Corruption 4 | . 4 . . 2 Average Corruption 2 | . 3 . . 1 Corruption Purged . | . . . . . Corruption Blocked . | . . . . . Effects 6 | . 4 . . 2 Message Errors 2 | . 2 . . . Matter Fused 2 | . 2 . . . Heat Flow Errors 1 | . . . . 1 Weapon Failures 1 | . . . . 1 Overload Shots . | . . . . . Overflow Damage . | . . . . . Projectiles . | . . . . . Explosions . | . . . . . Melee . | . . . . . Knockbacks . | . . . . . Impact . | . . . . . Kinetic . | . . . . . Secondary . | . . . . . Self-Inflicted Damage 2 | . 2 . . . Shots . | . . . . . Rammed 1 | . 1 . . . Targets Rammed 1 | . 1 . . . Kicked . | . . . . . Crushed . | . . . . . Highest Temperature 363 | . 351 353 363 313 Average Temperature 112 | . 134 112 122 99 Received Heat Transfer 546 | . 99 195 126 126 Effects 7 | . 6 . 1 . Interference 6 | . 6 . . . Short Circuit 1 | . . . 1 . Siege Activations . | . . . . . Martial Activations . | . . . . . Shielding Activations . | . . . . . Robots Disrupted . | . . . . . Combat Hostiles . | . . . . . Robots Corrupted . | . . . . . Combat Hostiles . | . . . . . Parts Fried . | . . . . . Impact Corruptions . | . . . . . Robots Melted . | . . . . . Combat Hostiles . | . . . . . Parts Melted . | . . . . . Heat Transferred 518 | . 518 . . . Parts Sabotaged . | . . . . . Parts Stolen . | . . . . . Parts Stripped . | . . . . . Power Chain Reactions . | . . . . . Alert | -11 -10 -9 -8 -7 ------- Run | Yrd Mat Mat Mat Fac Maximum Alert Level 1 | . . . . 1 Low Security (%) 87 | 100 100 100 100 57 Level 1 12 | . . . . 42 Level 2 . | . . . . . Level 3 . | . . . . . Level 4 . | . . . . . Level 5 . | . . . . . High Security . | . . . . . Max Security . | . . . . . Peak Influence 341 | . 117 194 148 341 Initial 77 | . . 27 77 62 Average 96 | . 49 73 92 171 Influence Increases 1144 | . 157 287 231 469 Destroy 0b10 Robot/C 720 | . 100 200 120 300 Destroy 0b10 Robot/NC 55 | . 5 15 10 25 Destroy Leader 214 | . 20 72 40 82 Destroy Structure 5 | . 2 . 1 2 Partial Spotted 30 | . . . . 30 Lose Combat Pursuer 120 | . 30 . 60 30 Influence Decreases 811 | . 90 170 277 274 Entered New Map 223 | . . 40 107 76 Time Decay 588 | . 90 130 170 198 Squads Dispatched 4 | . . . . 4 Investigation . | . . . . . Extermination 2 | . . . . 2 Reinforcement 1 | . . . . 1 Assault . | . . . . . Garrison 1 | . . . . 1 Intercept . | . . . . . Searches Triggered . | . . . . . Construction Impeded . | . . . . . Haulers Reinforced . | . . . . . Active Scanning Responses . | . . . . . Cargo Convoy Interrupts . | . . . . . Stealth | -11 -10 -9 -8 -7 --------- Run | Yrd Mat Mat Mat Fac Distress Signals 2 | . . 2 . . Communications Jammed . | . . . . . Distress Signals . | . . . . . Times Spotted 56 | . 9 15 10 22 Peak Tracking Total 5 | . 4 5 5 4 Tactical Retreats 4 | . 1 . 2 1 Traps | -11 -10 -9 -8 -7 ------- Run | Yrd Mat Mat Mat Fac Traps Triggered 4 | . 3 . . 1 Indirectly . | . . . . . Trap Hack Attempts . | . . . . . Triggered . | . . . . . Disarmed . | . . . . . Reprogrammed . | . . . . . Reused . | . . . . . Traps Extracted . | . . . . . Installed . | . . . . . Triggered . | . . . . . Machines | -11 -10 -9 -8 -7 ---------- Run | Yrd Mat Mat Mat Fac Machines Disabled . | . . . . . Max in Single Turn . | . . . . . Garrison Access 1 | . . . . 1 Machines Repaired . | . . . . . Machines Dismantled . | . . . . . Machines Sabotaged . | . . . . . Overloaded Fab Kills . | . . . . . Hacking | -11 -10 -9 -8 -7 --------- Run | Yrd Mat Mat Mat Fac Machines Accessed 2 | . . . 1 1 Terminals 1 | . . . 1 . Fabricators . | . . . . . Repair Stations . | . . . . . Recycling Units . | . . . . . Scanalyzers . | . . . . . Garrison Access 1 | . . . . 1 Total Hacks 2 | . . . 1 1 Successful 1 | . . . . 1 Failed 1 | . . . 1 . Catastrophic 1 | . . . 1 . Database Lockouts . | . . . . . Manual 1 | . . . 1 . Terminals 1 | . . . 1 . Fabricators . | . . . . . Repair Stations . | . . . . . Recycling Units . | . . . . . Scanalyzers . | . . . . . Garrison Access 1 | . . . . 1 Terminal Hacks . | . . . . . Fabricator Hacks . | . . . . . Repair Station Hacks . | . . . . . Recycling Unit Hacks . | . . . . . Scanalyzer . | . . . . . Garrison Access Hacks 1 | . . . . 1 Seal Access 1 | . . . . 1 Unauthorized Hacks . | . . . . . Terminals . | . . . . . Fabricators . | . . . . . Repair Stations . | . . . . . Recycling Units . | . . . . . Scanalyzers . | . . . . . Garrison Access . | . . . . . Data Cores Recovered 2 | . . 1 . 1 Used . | . . . . . Hacking Detections . | . . . . . Full Trace Events . | . . . . . Feedback Events . | . . . . . Feedback Blocked . | . . . . . Robot Schematics Acquired . | . . . . . Robots Built . | . . . . . Authchips . | . . . . . Time . | . . . . . Total Robot Build Rating . | . . . . . Part Schematics Acquired . | . . . . . Parts Built . | . . . . . Authchips . | . . . . . Time . | . . . . . Total Part Build Rating . | . . . . . Parts Repaired . | . . . . . Time . | . . . . . Parts Recycled . | . . . . . Recycled Matter . | . . . . . Retrieved Matter . | . . . . . Retrieved Components . | . . . . . Parts Scanalyzed . | . . . . . Part Schematics Acquired . | . . . . . Parts Damaged . | . . . . . Bothacking | -11 -10 -9 -8 -7 ------------ Run | Yrd Mat Mat Mat Fac Used RIF Installer . | . . . . . Robots Hacked . | . . . . . Non-combat . | . . . . . Combat . | . . . . . Robot Hacks Applied . | . . . . . Relay Couplers Released . | . . . . . Fabnet Peak Effective % . | . . . . . Robots Rewired . | . . . . . Allies Hacked . | . . . . . Hacks Repelled . | . . . . . Allies | -11 -10 -9 -8 -7 -------- Run | Yrd Mat Mat Mat Fac Total Allies . | . . . . . Largest Group . | . . . . . Highest-Rated Group . | . . . . . Highest-Rated Ally . | . . . . . Total Orders . | . . . . . Ally Attacks . | . . . . . Total Damage . | . . . . . Kills . | . . . . . Allies Corrupted . | . . . . . Allies Melted . | . . . . . Intel | -11 -10 -9 -8 -7 ------- Run | Yrd Mat Mat Mat Fac Active Infowar (turns) . | . . . . . Robot Analysis Total . | . . . . . Derelict Logs Recovered . | . . . . . Drone Launches . | . . . . . Drone Recoveries . | . . . . . Exploration | -11 -10 -9 -8 -7 ------------- Run | Yrd Mat Mat Mat Fac Turns Passed 1385 | 127 234 264 356 404 Spaces Moved 2138 | 244 352 365 497 680 Core 433 | 244 189 . . . Treads . | . . . . . Legs . | . . . . . Wheels . | . . . . . Hover . | . . . . . Flight 1705 | . 163 365 497 680 Fastest Speed 32 | 50 37 37 37 32 Average Speed 39 | 50 43 37 38 34 Slowest Speed 117 | 50 50 37 117 37 Overloaded Moves . | . . . . . Propulsion Burnouts . | . . . . . Robots Hopped 33 | . 4 8 7 14 Potential Cave-ins . | . . . . . Cave-ins Triggered . | . . . . . Exploration Rate (%) 30 | 5 45 38 40 24 Regions Visited 4 Branch Regions . Pre-discovered Areas . | . . . . . Known Exits Taken . | . . . . . Unknown Exits Taken 4 | 1 1 1 1 . Scrap Searched . | . . . . . Spaces Dug . | . . . . . Terrain Destroyed . | . . . . . Melee . | . . . . . Projectile . | . . . . . AOE . | . . . . . Terrain Rammed . | . . . . . Walls Destroyed . | . . . . . Machines Disabled . | . . . . . Actions | -11 -10 -9 -8 -7 --------- Run | Yrd Mat Mat Mat Fac Total 2426 | 246 392 430 608 750 Wait 131 | . 11 27 84 9 Move 2070 | 243 344 348 483 652 Hop 31 | . 3 8 6 14 Pick Up . | . . . . . Fast Attach 15 | 3 7 1 2 2 Attach . | . . . . . Detach . | . . . . . Swap 12 | . . 6 3 3 Drop 18 | . 3 6 5 4 Fire 101 | . 17 28 19 37 Melee . | . . . . . Ram 1 | . 1 . . . Kick . | . . . . . Crush . | . . . . . Escape Stasis . | . . . . . Rewire . | . . . . . Trap . | . . . . . Miscellaneous 47 | . 6 6 6 29 Route ------- -11/Scrapyard -10/Materials -9/Materials (discovered 3 exits: *Mat / [*Min] / [*Sto]) -8/Materials (discovered 2 exits: *Fac x2) -7/Factory (discovered 2 exits: [*Fac x2]) History --------- Turn | Location | Event 5 | -11/Scrapyard | Discovered new exit (range 15) 105 | -11/Scrapyard | Upgraded with Propulsion slot (x1) 105 | -11/Scrapyard | Upgraded with Weapon slot (x3) 128 | -11/Scrapyard | Entered Materials 322 | -10/Materials | Discovered new exit (range 8) 362 | -10/Materials | Entered another Materials area 364 | -9/Materials | Reached level 2 428 | -9/Materials | Upgraded with Weapon slot (x1) 456 | -9/Materials | Discovered new exit (range 10) 532 | -9/Materials | Discovered new exit (range 13) 555 | -9/Materials | Reached level 3 561 | -9/Materials | Build established: Scavenger-Gunner 619 | -9/Materials | Discovered new exit (range 12) 626 | -9/Materials | Entered another Materials area 628 | -8/Materials | Reached level 4 726 | -8/Materials | Discovered new exit (range 7) 829 | -8/Materials | Discovered new exit (range 14) 920 | -8/Materials | Core integrity fell below 50% 982 | -8/Materials | Entered Factory 983 | -7/Factory | Core integrity fell below 50% 984 | -7/Factory | Reached level 5 1065 | -7/Factory | Reached level 6 1074 | -7/Factory | Build established: Hacker-Gunner 1254 | -7/Factory | Discovered new exit (range 9) 1345 | -7/Factory | Garrison activated, responded to threat 1352 | -7/Factory | Reached level 7 1373 | -7/Factory | Discovered new exit (range 15) 1386 | -7/Factory | Self-destructed Last Messages --------------- P-60 Hacker destroyed. K-01 Serf collects debris. Used Protomatter to restore core integrity (+138, depleted) K-01 Serf collects debris. Acquired 83 matter. Acquired 120 matter. K-01 Serf collects debris. EXIT=FOUND Triggered Shock Trap. The floor emits a surge of raw power. System corrupted (+1). R-06 Scavenger collects Gravmag System. K-01 Serf collects debris. Acquired 16 matter. K-01 Serf collects debris. R-06 Scavenger collects Remote Datajack. U-05 Engineer lays Concrete. K-01 Serf collects debris. System corrupted: Heat flow error (+272). Connecting with Terminal... Map ----- +----------------------------------------------------+ | ?????????????????????????????????????????????????? | | ?????????????????????????????????????????????????? | | ?????????????????????????????????????????????????? | | ?????????????????????????????????????????????????? | | ?????????????????????????????????????????????????? | | ?????????????????????????????????????????????????? | | ?????????????????????????????????????????????????? | | ?????????????????????????????????????????????????? | | ?????????????????????????????????????????????????? | | ?????????????????????????????????????????????????? | | ?????????????????????????????????????????????????? | | ?????????????????????????????????????????????????? | | ?????????????????????????????????????????????????? | | ?????????????????????????????????????????????????? | | ?????????????????????????????????????????????????? | | ?????????????????????????????????????????????????? | | ?????????????? ??????????????????????????????????? | | ???????????? ?????????????????????????????????? | | ???????????? ????????????????????????????????? | | ??????????? ???????????????????????????????? | | ??????????? ???????????????????????????????? | | ???????????#w ?#####+#####??????????????????? | | ???????????# ^ ## #??????????????????? | | ???????????# #??????????????????? | | ???????????# #??????????????????? | | ???????????# @ #########??????????? | | ???????????# T u ???????? | | ???????????# ##### ""G"?????????? | | ???????????# #??????? "?????????? | | ???????????# #??????? =?????????? | | ???????????########## #?????###+###??????? | | ????????????????????### ###?????# =%% #" "???? | | ??????????????????????# #???????# #T """? | | ??????????????????????# #???????# = #" | | ?????????????########## #???????#! #" ! | | ?????????????? # #???????# [*==#" | | ?????????????? """ # #???????# = # ? | | ????????????"" """ # ######### ! ####+### | | ?????????# """ """ # % | | ?????????? # ^ | | ?????????????" """ + !%| ^ | | ?????????????" """ # | | ?????????????" """ # < % ^ | | ????????????? # ###+#############+#### | | ???????????? # #? ????????? ?? | | ??????????? #######? ?????? | | ?????????? ! #??????? ???# """ """ | | ?????????##############???????"""" "#?# """ """ | | ????????????????????????????? """" T#?# """ """ | | ????????????????????????????? """" "#?# | +----------------------------------------------------+ Best States ------------- Heat Dissipation 31 Energy Generation 15 Energy Capacity 160 Matter Stores 300 Matter Capacity 300 Sight Range 16 Terrain Scan Density 10 Evasion (%) 63 Kinecelleration 30 Offensive Hacking 30 Item Schematics ----------------- None Robot Schematics ------------------ None Fabricated ------------ Nothing Repaired ---------- Nothing Alien Tech Used ----------------- None Achievements -------------- None Challenges ------------ None RPGLIKE | -11 -10 -9 -8 -7 --------- Run | Yrd Mat Mat Mat Fac Levels Raised 6 | . . 2 1 3 XP Earned 12150 | 3000 600 2850 2300 3400 XP Spent 10350 | 3000 . 2650 1400 3300 Upgrades 15 | 5 . 5 2 3 Propulsion Slot 1 | 1 . . . . Weapon Slot 4 | 3 . 1 . . Heat Dissipation 1 | . . 1 . . Mass Support 3 | 1 . 1 . 1 Hack Attack % 6 | . . 2 2 2 Protomatter Created 396 | . 50 47 82 217 Integrity Restored 1048 | . 124 141 132 651 Core 1042 | . 118 141 132 651 Parts 6 | . 6 . . . Protomatter Decayed . | . . . . . Game ------ Seed MetafiberSwordCutter Manual? 0 Play Time 00:18:15 Cumulative 257.1 hours Start 2025.06.05 @ 20:12:34 End 2025.06.05 @ 20:41:18 Sessions 1 Manual Loads 0 Difficulty Rogue Special Mode Winter2019/RPGLIKE Game No. 255 Rogue 66 Adventurer 177 Explorer 12 Win Type - Total 65 Types 19/1/16/2/12/0/4/5/0/6 Lore% 54 Gallery% 53 Achievement% 70 Wizard Run 0 Options --------- Layout 0 ASCII 0 Keyboard 0 Movement Numpad Keybinds 0 Fullscreen 2 Font 12/Smallcaps Map View 83x54 Zoom Use 0% Tactical HUD 0 Map Filters NONE Filters NONE Steam 1 RUN: f20e55fb-4895-40ee-bb05-f4c9e9dd6ba0